3003 views
Uploaded 2020-04-09 20:00:50
Game version 1.32.3
21:16 long 3on3 ladder game on (6)StranglethornVale
Saved by BEARAND
3003 views
Uploaded 2020-04-09 20:00:50
Game version 1.32.3
21:16 long 3on3 ladder game on (6)StranglethornVale


94 units @ 16.7k
/ 3.2k
39 buildings @ 6.8k
/ 2.8k

| Healing Salve | 1 | 100 |
| Lesser Clarity Potion | 1 | 70 |
| Boots of Speed | 1 | 250 |
| Potion of Lesser Invulnerability | 1 | 150 |
| total: | 4 | 570g |
| Peon | 11 | 825 | / | 0 |
| Grunt | 6 | 1200 | / | 0 |
| Tauren | 4 | 1120 | / | 320 |
| Demolisher | 1 | 220 | / | 50 |
| total: | 22 | 3365g | / | 370w |
| Altar of Storms | 1 | 180 | / | 50 |
| Orc Burrow | 3 | 480 | / | 120 |
| Barracks | 1 | 180 | / | 50 |
| Voodoo Lounge | 2 | 260 | / | 60 |
| War Mill | 1 | 205 | / | 0 |
| Great Hall | 1 | 385 | / | 185 |
| Tauren Totem | 2 | 270 | / | 310 |
| Stronghold | 1 | 315 | / | 190 |
| Fortress | 1 | 325 | / | 190 |
| total: | 11 | 1960g | / | 775w |
| 0:03 | Altar of Storms |
| 0:04 | Peon |
| 0:04 | Peon |
| 0:04 | Peon |
| 0:15 | Orc Burrow |
| 0:40 | Peon |
| 0:50 | Barracks |
| 0:57 | Peon |
| 1:09 | Peon |
| 1:23 | Peon |
| 1:27 | Orc Burrow |
| 1:51 | Grunt |
| 1:57 | Voodoo Lounge |
| 2:17 | Grunt |
| 2:32 | Serpent Ward |
| 3:13 | Grunt |
| 3:47 | Stronghold |
| 4:03 | Grunt |
| 4:07 | War Mill |
| 4:43 | Orc Burrow |
| 5:04 | Healing Wave |
| 5:13 | Grunt |
| 5:43 | Voodoo Lounge |
| 5:49 | Grunt |
| 5:59 | Great Hall |
| 6:19 | Fortress |
| 6:47 | Tauren Totem |
| 7:52 | Tauren Totem |
| 8:09 | Boots of Speed |
| 8:09 | Potion of Lesser Invulnerability |
| 8:34 | Healing Salve |
| 8:41 | Tauren |
| 8:51 | Lesser Clarity Potion |
| 9:00 | Peon |
| 9:00 | Peon |
| 9:00 | Peon |
| 9:01 | Peon |
| 9:11 | Pulverize |
| 9:14 | Tauren |
| 9:40 | Demolisher |
| 10:39 | Tauren |
| 10:44 | Serpent Ward |
| 11:11 | Tauren |
| Right click | 340 |
| Select | 248 |
| Select group | 161 |
| Build/train/purchase | 35 |
| Assign group | 22 |
| Use ability | 21 |
| Item give/drop | 2 |
| Minimap ping | 2 |

| Rod of Necromancy | 3 | 450 |
| Sacrificial Skull | 1 | 50 |
| Dust of Appearance | 1 | 75 |
| Scroll of Healing | 1 | 250 |
| Scroll of Protection | 1 | 150 |
| total: | 7 | 975g |
| Acolyte | 8 | 600 | / | 0 |
| Ghoul | 7 | 840 | / | 0 |
| Crypt Fiend | 5 | 1075 | / | 200 |
| Frost Wyrm | 13 | 5005 | / | 1560 |
| total: | 33 | 7520g | / | 1760w |
| Nerubian Tower | 2 | 200 | / | 40 |
| Altar of Darkness | 1 | 180 | / | 50 |
| Ziggurat | 8 | 1200 | / | 400 |
| Crypt | 2 | 400 | / | 100 |
| Tomb of Relics | 1 | 130 | / | 30 |
| Graveyard | 1 | 215 | / | 0 |
| Necropolis | 1 | 225 | / | 0 |
| Sacrificial Pit | 1 | 75 | / | 150 |
| Boneyard | 3 | 525 | / | 600 |
| Halls of the Dead | 1 | 320 | / | 210 |
| Black Citadel | 1 | 325 | / | 230 |
| total: | 18 | 2950g | / | 1330w |
| 0:02 | Acolyte |
| 0:02 | Acolyte |
| 0:07 | Altar of Darkness |
| 0:09 | Ziggurat |
| 0:33 | Crypt |
| 0:48 | Tomb of Relics |
| 1:15 | Ziggurat |
| 1:34 | Ghoul |
| 1:35 | Ghoul |
| 2:08 | Rod of Necromancy |
| 2:09 | Dust of Appearance |
| 2:11 | Death Coil |
| 2:15 | Graveyard |
| 3:32 | Halls of the Dead |
| 3:34 | Ghoul |
| 3:34 | Ghoul |
| 3:38 | Crypt Fiend |
| 4:03 | Crypt Fiend |
| 4:10 | Rod of Necromancy |
| 4:24 | Ziggurat |
| 4:43 | Crypt Fiend |
| 5:02 | Crypt Fiend |
| 5:35 | Crypt Fiend |
| 5:48 | Unholy Aura |
| 5:55 | Acolyte |
| 6:01 | Necropolis |
| 6:15 | Black Citadel |
| 6:27 | Rod of Necromancy |
| 6:47 | Crypt |
| 7:03 | Sacrificial Pit |
| 7:06 | Ziggurat |
| 7:34 | Sacrificial Skull |
| 7:49 | Ziggurat |
| 7:50 | Ziggurat |
| 7:53 | Acolyte |
| 7:53 | Acolyte |
| 7:53 | Acolyte |
| 7:53 | Acolyte |
| 7:54 | Acolyte |
| 8:04 | Creature Carapace |
| 8:05 | Ziggurat |
| 8:07 | Ziggurat |
| 8:37 | Boneyard |
| 8:44 | Boneyard |
| 8:48 | Ghoul |
| 8:48 | Ghoul |
| 8:48 | Ghoul |
| 9:02 | Boneyard |
| 9:27 | Creature Attack |
| 9:35 | Nerubian Tower |
| 9:36 | Nerubian Tower |
| 10:04 | Frost Wyrm |
| 10:25 | Frost Wyrm |
| 10:53 | Improved Creature Attack |
| 11:00 | Frost Wyrm |
| 11:39 | Frost Wyrm |
| 11:55 | Frost Wyrm |
| 12:25 | Death Coil |
| 12:59 | Freezing Breath |
| 13:20 | Frost Wyrm |
| 14:05 | Frost Wyrm |
| 14:32 | Frost Wyrm |
| 14:55 | Frost Wyrm |
| 15:24 | Unholy Aura |
| 15:51 | Frost Wyrm |
| 16:44 | Frost Wyrm |
| 17:07 | Frost Wyrm |
| 18:26 | Scroll of Healing |
| 18:26 | Scroll of Protection |
| 19:30 | Frost Wyrm |
| Right click | 992 |
| Select group | 529 |
| Select | 212 |
| Build/train/purchase | 63 |
| Assign group | 36 |
| Use ability | 19 |
| Misc. action | 3 |
| Remove unit | 3 |
| Item give/drop | 2 |
| Minimap ping | 2 |
| Esc | 1 |

| Healing Salve | 2 | 200 |
| Scroll of Speed | 1 | 50 |
| Lesser Clarity Potion | 2 | 140 |
| Orb of Lightning | 2 | 750 |
| Potion of Mana | 1 | 200 |
| Potion of Healing | 1 | 150 |
| Scroll of Town Portal | 1 | 350 |
| Circlet of Nobility | 1 | 175 |
| total: | 11 | 2015g |
| Peon | 13 | 975 | / | 0 |
| Shaman | 11 | 1430 | / | 220 |
| Troll Witch Doctor | 6 | 870 | / | 150 |
| Tauren | 9 | 2520 | / | 720 |
| total: | 39 | 5795g | / | 1090w |
| Altar of Storms | 1 | 180 | / | 50 |
| Orc Burrow | 4 | 640 | / | 160 |
| Voodoo Lounge | 1 | 130 | / | 30 |
| War Mill | 1 | 205 | / | 0 |
| Great Hall | 1 | 385 | / | 185 |
| Spirit Lodge | 2 | 300 | / | 300 |
| Stronghold | 1 | 315 | / | 190 |
| Fortress | 1 | 325 | / | 190 |
| total: | 10 | 1840g | / | 725w |
| 0:07 | Altar of Storms |
| 0:09 | Peon |
| 0:09 | Peon |
| 0:09 | Peon |
| 0:25 | Orc Burrow |
| 0:34 | Peon |
| 0:46 | Peon |
| 0:46 | Peon |
| 1:13 | Peon |
| 1:21 | Voodoo Lounge |
| 1:45 | Peon |
| 2:11 | Stronghold |
| 2:15 | Wind Walk |
| 2:24 | Healing Salve |
| 2:25 | Healing Salve |
| 2:25 | Scroll of Speed |
| 2:26 | Lesser Clarity Potion |
| 2:42 | War Mill |
| 3:06 | Circlet of Nobility |
| 4:39 | Fortress |
| 5:31 | Spirit Lodge |
| 5:34 | Spirit Lodge |
| 5:38 | Orc Burrow |
| 6:09 | Orc Burrow |
| 6:18 | Lesser Clarity Potion |
| 6:47 | Shaman Adept Training |
| 7:30 | Critical Strike |
| 7:53 | Shaman Master Training |
| 7:54 | Shaman |
| 7:54 | Shaman |
| 7:55 | Shaman |
| 8:39 | Great Hall |
| 8:48 | Shaman |
| 8:52 | Witch Doctor Adept Training |
| 9:11 | Orb of Lightning |
| 11:04 | Shaman |
| 11:06 | Witch Doctor Master Training |
| 12:22 | Peon |
| 12:22 | Peon |
| 12:22 | Peon |
| 12:22 | Peon |
| 12:22 | Peon |
| 12:34 | Troll Witch Doctor |
| 12:35 | Shaman |
| 13:25 | Troll Witch Doctor |
| 13:26 | Shaman |
| 14:27 | Shaman |
| 14:27 | Troll Witch Doctor |
| 14:53 | Spirit Walker Adept Training |
| 15:39 | Tauren |
| 15:40 | Tauren |
| 15:40 | Tauren |
| 15:40 | Tauren |
| 15:40 | Tauren |
| 15:40 | Tauren |
| 15:43 | Steel Armor |
| 15:43 | Steel Melee Weapons |
| 16:27 | Wind Walk |
| 16:47 | Troll Witch Doctor |
| 16:47 | Troll Witch Doctor |
| 16:55 | Tauren |
| 17:01 | Tauren |
| 18:11 | Tauren |
| 18:39 | Shaman |
| 18:40 | Troll Witch Doctor |
| 18:54 | Shaman |
| 19:19 | Orc Burrow |
| 19:24 | Spirit Walker Master Training |
| 19:27 | Thorium Armor |
| 19:27 | Thorium Melee Weapons |
| 19:28 | Reinforced Defenses |
| 19:38 | Shaman |
| 19:53 | Scroll of Town Portal |
| 19:53 | Potion of Mana |
| 19:54 | Potion of Healing |
| 19:54 | Orb of Lightning |
| 20:12 | Critical Strike |
| Right click | 1218 |
| Select group | 616 |
| Select | 353 |
| Chat | 137 |
| Build/train/purchase | 84 |
| Use ability | 78 |
| Misc. action | 26 |
| Assign group | 20 |
| Resource trade | 18 |
| Minimap ping | 15 |
| Remove unit | 6 |
| Item give/drop | 1 |
| Esc | 1 |
84 units @ 8.4k
/ 0.3k
148 buildings @ 12.7k
/ 5k



| Rod of Necromancy | 1 | 150 |
| Orb of Corruption | 3 | 1125 |
| Staff of Teleportation | 3 | 450 |
| Boots of Speed | 1 | 250 |
| Staff of Sanctuary | 1 | 250 |
| total: | 9 | 2225g |
| Acolyte | 9 | 675 | / | 0 |
| Ghoul | 12 | 1440 | / | 0 |
| total: | 21 | 2115g | / | 0w |
| Crypt | 3 | 600 | / | 150 |
| Altar of Darkness | 1 | 180 | / | 50 |
| Ziggurat | 4 | 600 | / | 200 |
| Tomb of Relics | 2 | 260 | / | 60 |
| Graveyard | 1 | 215 | / | 0 |
| Halls of the Dead | 1 | 320 | / | 210 |
| Black Citadel | 1 | 325 | / | 230 |
| total: | 11 | 1855g | / | 460w |
| 0:01 | Acolyte |
| 0:04 | Crypt |
| 0:04 | Crypt |
| 0:06 | Crypt |
| 0:08 | Altar of Darkness |
| 0:11 | Acolyte |
| 0:16 | Acolyte |
| 0:30 | Ziggurat |
| 1:00 | Tomb of Relics |
| 1:07 | Cannibalize |
| 1:08 | Ghoul |
| 1:17 | Ziggurat |
| 1:24 | Ghoul |
| 1:36 | Ghoul |
| 1:54 | Ghoul |
| 2:18 | Death Coil |
| 2:19 | Rod of Necromancy |
| 2:39 | Ghoul |
| 3:34 | Ghoul |
| 3:36 | Ghoul |
| 3:55 | Halls of the Dead |
| 3:55 | Ghoul |
| 4:17 | Ghoul |
| 4:21 | Unholy Aura |
| 4:39 | Ghoul |
| 5:35 | Ziggurat |
| 6:43 | Ziggurat |
| 6:45 | Black Citadel |
| 7:07 | Death Coil |
| 8:14 | Frost Nova |
| 8:19 | Ghoul |
| 8:21 | Ghoul |
| 8:24 | Graveyard |
| 9:07 | Acolyte |
| 9:07 | Acolyte |
| 9:07 | Acolyte |
| 9:08 | Acolyte |
| 9:43 | Acolyte |
| 9:46 | Rain of Fire |
| 10:06 | Tomb of Relics |
| 10:57 | Orb of Corruption |
| 11:13 | Orb of Corruption |
| 11:38 | Staff of Teleportation |
| 11:42 | Boots of Speed |
| 12:08 | Staff of Teleportation |
| 12:59 | Acolyte |
| 13:30 | Unholy Aura |
| 14:39 | Frost Armor |
| 15:07 | Staff of Sanctuary |
| 17:05 | Orb of Corruption |
| 17:25 | Cleaving Attack |
| 19:04 | Staff of Teleportation |
| 19:56 | Frost Nova |
| Right click | 1079 |
| Select | 615 |
| Select group | 286 |
| Assign group | 114 |
| Resource trade | 96 |
| Build/train/purchase | 58 |
| Use ability | 50 |
| Item give/drop | 16 |
| Misc. action | 15 |
| Minimap ping | 10 |
| Remove unit | 4 |



| Scroll of Regeneration | 1 | 100 |
| Potion of Healing | 2 | 300 |
| Staff of Sanctuary | 1 | 250 |
| Scroll of Town Portal | 2 | 700 |
| Staff of Teleportation | 2 | 300 |
| Boots of Speed | 2 | 500 |
| Orb of Corruption | 2 | 750 |
| total: | 12 | 2900g |
| Peasant | 33 | 2475 | / | 0 |
| Dragonhawk Rider | 7 | 1400 | / | 210 |
| Priest | 1 | 135 | / | 10 |
| total: | 41 | 4010g | / | 220w |
| Scout Tower | 81 | 2430 | / | 1620 |
| Arcane Tower | 7 | 490 | / | 350 |
| Guard Tower | 58 | 4060 | / | 2900 |
| Altar of Kings | 1 | 180 | / | 50 |
| Farm | 7 | 560 | / | 140 |
| Lumber Mill | 1 | 120 | / | 0 |
| Arcane Vault | 4 | 520 | / | 120 |
| Town Hall | 2 | 770 | / | 410 |
| Arcane Sanctum | 1 | 150 | / | 140 |
| Gryphon Aviary | 1 | 140 | / | 150 |
| Keep | 1 | 320 | / | 210 |
| Castle | 1 | 360 | / | 210 |
| total: | 98 | 4870g | / | 2630w |
| 0:02 | Peasant |
| 0:03 | Peasant |
| 0:12 | Altar of Kings |
| 0:15 | Peasant |
| 0:19 | Farm |
| 0:28 | Peasant |
| 0:45 | Lumber Mill |
| 0:47 | Peasant |
| 0:50 | Peasant |
| 1:02 | Peasant |
| 1:22 | Peasant |
| 1:24 | Peasant |
| 1:25 | Peasant |
| 1:30 | Scout Tower |
| 1:34 | Scout Tower |
| 1:39 | Scout Tower |
| 1:40 | Peasant |
| 1:45 | Farm |
| 1:47 | Peasant |
| 1:55 | Arcane Tower |
| 1:57 | Scout Tower |
| 2:00 | Arcane Tower |
| 2:03 | Scout Tower |
| 2:12 | Blizzard |
| 2:23 | Guard Tower |
| 2:26 | Arcane Tower |
| 2:27 | Scout Tower |
| 2:27 | Scout Tower |
| 2:29 | Scout Tower |
| 2:42 | Peasant |
| 2:42 | Peasant |
| 2:42 | Peasant |
| 2:56 | Guard Tower |
| 2:57 | Scout Tower |
| 2:58 | Scout Tower |
| 2:59 | Guard Tower |
| 3:00 | Scout Tower |
| 3:00 | Scout Tower |
| 3:01 | Peasant |
| 3:01 | Peasant |
| 3:17 | Scout Tower |
| 3:27 | Peasant |
| 3:27 | Peasant |
| 3:33 | Scout Tower |
| 3:35 | Scout Tower |
| 3:40 | Staff of Teleportation |
| 3:55 | Peasant |
| 3:55 | Peasant |
| 3:59 | Guard Tower |
| 4:00 | Scout Tower |
| 4:00 | Guard Tower |
| 4:01 | Scout Tower |
| 4:18 | Peasant |
| 4:19 | Improved Masonry |
| 4:21 | Guard Tower |
| 4:24 | Scout Tower |
| 4:25 | Scout Tower |
| 4:29 | Guard Tower |
| 4:48 | Guard Tower |
| 4:50 | Scout Tower |
| 4:51 | Guard Tower |
| 5:00 | Guard Tower |
| 5:19 | Arcane Vault |
| 5:28 | Brilliance Aura |
| 5:33 | Keep |
| 5:39 | Guard Tower |
| 5:39 | Guard Tower |
| 5:40 | Guard Tower |
| 5:51 | Boots of Speed |
| 6:00 | Guard Tower |
| 6:01 | Scout Tower |
| 6:12 | Scout Tower |
| 6:24 | Arcane Tower |
| 6:26 | Guard Tower |
| 6:28 | Scout Tower |
| 6:28 | Scout Tower |
| 6:29 | Scout Tower |
| 6:29 | Scout Tower |
| 6:38 | Farm |
| 6:39 | Farm |
| 6:43 | Scroll of Regeneration |
| 6:52 | Guard Tower |
| 6:53 | Scout Tower |
| 6:54 | Scout Tower |
| 6:55 | Guard Tower |
| 6:55 | Scout Tower |
| 6:56 | Scout Tower |
| 6:58 | Scout Tower |
| 6:59 | Scout Tower |
| 6:59 | Scout Tower |
| 7:04 | Guard Tower |
| 7:29 | Guard Tower |
| 7:41 | Guard Tower |
| 7:42 | Scout Tower |
| 7:44 | Guard Tower |
| 7:46 | Scout Tower |
| 7:48 | Guard Tower |
| 8:12 | Guard Tower |
| 8:13 | Scout Tower |
| 8:14 | Scout Tower |
| 8:14 | Scout Tower |
| 8:21 | Advanced Masonry |
| 8:45 | Town Hall |
| 8:55 | Peasant |
| 8:55 | Peasant |
| 9:08 | Guard Tower |
| 9:12 | Scout Tower |
| 9:14 | Scout Tower |
| 9:17 | Storm Bolt |
| 9:24 | Guard Tower |
| 9:26 | Scout Tower |
| 9:29 | Scout Tower |
| 9:42 | Arcane Sanctum |
| 9:45 | Boots of Speed |
| 9:45 | Staff of Teleportation |
| 9:51 | Scout Tower |
| 9:54 | Arcane Tower |
| 10:03 | Scout Tower |
| 10:04 | Scout Tower |
| 10:13 | Guard Tower |
| 10:25 | Guard Tower |
| 10:26 | Scout Tower |
| 10:51 | Blizzard |
| 10:57 | Guard Tower |
| 10:59 | Castle |
| 11:01 | Scout Tower |
| 11:01 | Scout Tower |
| 11:03 | Peasant |
| 11:04 | Guard Tower |
| 11:06 | Scout Tower |
| 11:06 | Scout Tower |
| 11:07 | Scout Tower |
| 11:07 | Scout Tower |
| 11:07 | Scout Tower |
| 11:08 | Scout Tower |
| 11:11 | Scout Tower |
| 11:11 | Scout Tower |
| 11:32 | Scout Tower |
| 11:34 | Scout Tower |
| 11:36 | Gryphon Aviary |
| 11:38 | Scout Tower |
| 11:52 | Scout Tower |
| 11:53 | Scout Tower |
| 11:53 | Scout Tower |
| 11:59 | Guard Tower |
| 12:00 | Guard Tower |
| 12:01 | Improved Lumber Harvesting |
| 12:01 | Advanced Lumber Harvesting |
| 12:13 | Guard Tower |
| 12:29 | Magic Sentry |
| 12:34 | Guard Tower |
| 12:42 | Guard Tower |
| 12:43 | Guard Tower |
| 12:49 | Guard Tower |
| 13:19 | Potion of Healing |
| 13:20 | Scroll of Town Portal |
| 13:52 | Dragonhawk Rider |
| 14:10 | Scout Tower |
| 14:10 | Scout Tower |
| 14:24 | Dragonhawk Rider |
| 14:44 | Peasant |
| 14:45 | Peasant |
| 14:45 | Peasant |
| 14:48 | Scout Tower |
| 14:49 | Scout Tower |
| 14:50 | Scout Tower |
| 14:50 | Scout Tower |
| 14:50 | Scout Tower |
| 15:01 | Orb of Corruption |
| 15:03 | Orb of Corruption |
| 15:08 | Arcane Vault |
| 15:09 | Arcane Vault |
| 15:10 | Guard Tower |
| 15:17 | Guard Tower |
| 15:17 | Guard Tower |
| 15:18 | Scout Tower |
| 15:26 | Farm |
| 15:43 | Farm |
| 15:43 | Farm |
| 15:46 | Guard Tower |
| 15:47 | Scout Tower |
| 15:47 | Scout Tower |
| 15:47 | Scout Tower |
| 15:53 | Scroll of Town Portal |
| 15:53 | Potion of Healing |
| 16:03 | Holy Light |
| 16:16 | Dragonhawk Rider |
| 16:16 | Dragonhawk Rider |
| 16:46 | Dragonhawk Rider |
| 17:14 | Bash |
| 17:18 | Staff of Sanctuary |
| 17:37 | Arcane Vault |
| 17:40 | Scout Tower |
| 17:41 | Scout Tower |
| 17:41 | Scout Tower |
| 17:44 | Scout Tower |
| 17:46 | Scout Tower |
| 17:46 | Scout Tower |
| 17:50 | Guard Tower |
| 17:53 | Peasant |
| 17:53 | Peasant |
| 17:54 | Peasant |
| 17:54 | Peasant |
| 17:55 | Peasant |
| 18:59 | Town Hall |
| 18:59 | Guard Tower |
| 19:17 | Divine Shield |
| 20:37 | Guard Tower |
| 20:42 | Priest |
| 20:43 | Dragonhawk Rider |
| 20:43 | Dragonhawk Rider |
| 20:51 | Scout Tower |
| 20:52 | Scout Tower |
| Right click | 2012 |
| Select | 533 |
| Select group | 345 |
| Build/train/purchase | 181 |
| Use ability | 68 |
| Chat | 35 |
| Assign group | 19 |
| Minimap ping | 11 |
| Misc. action | 7 |
| Item give/drop | 2 |
| Remove unit | 2 |



| Lesser Clarity Potion | 1 | 70 |
| Potion of Mana | 1 | 200 |
| Orb of Corruption | 3 | 1125 |
| Potion of Healing | 1 | 150 |
| Scroll of Town Portal | 1 | 350 |
| Boots of Speed | 3 | 750 |
| Staff of Teleportation | 3 | 450 |
| Circlet of Nobility | 2 | 350 |
| Periapt of Vitality | 1 | 325 |
| Orb of Fire | 1 | 325 |
| Staff of Sanctuary | 3 | 750 |
| total: | 20 | 4845g |
| Acolyte | 11 | 825 | / | 0 |
| Ghoul | 9 | 1080 | / | 0 |
| Obsidian Statue | 2 | 400 | / | 70 |
| total: | 22 | 2305g | / | 70w |
| Nerubian Tower | 6 | 600 | / | 120 |
| Spirit Tower | 9 | 1305 | / | 360 |
| Altar of Darkness | 1 | 180 | / | 50 |
| Crypt | 1 | 200 | / | 50 |
| Ziggurat | 32 | 4800 | / | 1600 |
| Necropolis | 1 | 225 | / | 0 |
| Graveyard | 1 | 215 | / | 0 |
| Tomb of Relics | 2 | 260 | / | 60 |
| Slaughterhouse | 1 | 140 | / | 135 |
| Halls of the Dead | 1 | 320 | / | 210 |
| Black Citadel | 1 | 325 | / | 230 |
| total: | 39 | 6020g | / | 1895w |
| 0:06 | Acolyte |
| 0:11 | Altar of Darkness |
| 0:17 | Crypt |
| 0:24 | Acolyte |
| 0:34 | Ziggurat |
| 1:16 | Necropolis |
| 1:20 | Ghoul |
| 1:28 | Ghoul |
| 1:46 | Ghoul |
| 2:08 | Ghoul |
| 2:12 | Ghoul |
| 2:29 | Death Coil |
| 2:37 | Graveyard |
| 2:48 | Ghoul |
| 3:33 | Ghoul |
| 3:33 | Ghoul |
| 3:45 | Boots of Speed |
| 4:13 | Ghoul |
| 4:21 | Unholy Aura |
| 4:29 | Nerubian Tower |
| 4:30 | Halls of the Dead |
| 4:59 | Ziggurat |
| 5:10 | Staff of Teleportation |
| 5:57 | Spirit Tower |
| 6:25 | Acolyte |
| 6:34 | Ziggurat |
| 6:44 | Ziggurat |
| 6:46 | Ziggurat |
| 6:47 | Ziggurat |
| 6:58 | Death Coil |
| 7:49 | Acolyte |
| 7:49 | Acolyte |
| 7:50 | Acolyte |
| 7:50 | Acolyte |
| 7:54 | Nerubian Tower |
| 7:57 | Nerubian Tower |
| 8:25 | Tomb of Relics |
| 9:09 | Tomb of Relics |
| 9:45 | Spirit Tower |
| 9:47 | Ziggurat |
| 10:30 | Frost Nova |
| 10:37 | Black Citadel |
| 10:39 | Slaughterhouse |
| 10:41 | Spirit Tower |
| 11:42 | Unholy Aura |
| 11:50 | Obsidian Statue |
| 11:50 | Obsidian Statue |
| 11:57 | Acolyte |
| 11:57 | Acolyte |
| 11:57 | Acolyte |
| 11:57 | Acolyte |
| 12:38 | Ziggurat |
| 12:46 | Circlet of Nobility |
| 12:46 | Boots of Speed |
| 13:33 | Spirit Tower |
| 13:40 | Frost Armor |
| 14:02 | Orb of Fire |
| 14:14 | Lesser Clarity Potion |
| 14:14 | Potion of Mana |
| 14:38 | Ziggurat |
| 14:39 | Ziggurat |
| 14:39 | Ziggurat |
| 14:40 | Ziggurat |
| 14:41 | Ziggurat |
| 14:42 | Ziggurat |
| 14:45 | Ziggurat |
| 14:46 | Ziggurat |
| 14:47 | Ziggurat |
| 15:06 | Orb of Corruption |
| 15:06 | Orb of Corruption |
| 15:06 | Orb of Corruption |
| 15:13 | Staff of Teleportation |
| 15:19 | Sleep |
| 15:24 | Boots of Speed |
| 15:25 | Staff of Teleportation |
| 15:38 | Circlet of Nobility |
| 15:38 | Periapt of Vitality |
| 15:41 | Spirit Tower |
| 15:51 | Ziggurat |
| 15:53 | Ziggurat |
| 15:55 | Ziggurat |
| 15:58 | Ziggurat |
| 16:53 | Potion of Healing |
| 17:51 | Nerubian Tower |
| 17:56 | Ziggurat |
| 17:58 | Ziggurat |
| 18:00 | Ziggurat |
| 18:04 | Ziggurat |
| 18:21 | Scroll of Town Portal |
| 18:37 | Spirit Tower |
| 18:50 | Staff of Sanctuary |
| 18:55 | Spirit Tower |
| 18:57 | Nerubian Tower |
| 18:58 | Spirit Tower |
| 19:11 | Ziggurat |
| 19:13 | Ziggurat |
| 19:14 | Ziggurat |
| 19:15 | Ziggurat |
| 19:15 | Ziggurat |
| 19:23 | Ziggurat |
| 19:24 | Ziggurat |
| 19:56 | Staff of Sanctuary |
| 19:59 | Staff of Sanctuary |
| 20:50 | Spirit Tower |
| Right click | 1556 |
| Select group | 988 |
| Select | 202 |
| Resource trade | 95 |
| Build/train/purchase | 78 |
| Use ability | 52 |
| Misc. action | 47 |
| Minimap ping | 32 |
| Chat | 26 |
| Assign group | 13 |
| Item give/drop | 8 |
| Esc | 1 |
⇛